 Dungeon Crawl Stone Soup version 0.16-a0-3308-g116f5c4 (webtiles) character file.

102 PolkaDot the Caller (level 4, 0/37 HPs)
             Began as a Vampire Summoner on Dec 26, 2014.
             Killed by divine providence
             ... invoked by an orc priest
              (11 damage)
             ... on level 3 of the Dungeon.
             The game lasted 00:07:55 (3210 turns).

PolkaDot the Caller (Vampire Summoner)              Turns: 3210, Time: 00:07:55

Health: 0/37       AC:  2    Str:  7    XL:     4   Next: 49%
Magic:  1/7        EV: 12    Int: 18    God:
Gold:   270        SH:  0    Dex: 14    Spells: 3 memorised, 1 level left

rFire  . . .     SeeInvis +     f - +2 short sword (speed)
rCold  . . .     Clarity  .     a - +0 robe
rNeg   + . .     SustAb   .     (no shield)
rPois  .         Gourm    .     (no helmet)
rElec  .         Spirit   .     (no cloak)
rCorr  +         Warding  .     (no gloves)
rMut   .         Stasis   .     (no boots)
MR     .....                    e - amulet of resist corrosion
Stlth  ++........               (no ring)
                                j - -2 ring of slaying

@: not resistant to hostile enchantments, unstealthy
A: bottle blood, fangs 3, see invisible, unbreathing
a: Bat Form


You were on level 3 of the Dungeon.
You were not thirsty.

You visited 1 branch of the dungeon, and saw 3 of its levels.

You collected 270 gold pieces.

Inventory:

Hand weapons
 f - a +2 short sword of speed (weapon)
Armour
 a - a +0 robe (worn)
Jewellery
 e - an amulet of resist corrosion (around neck)
 j - a -2 ring of slaying (left hand)
Scrolls
 d - a scroll of enchant armour {unknown}
 h - 2 scrolls of immolation {unknown}
 i - a scroll of enchant weapon {unknown}
Potions
 c - a potion of curing
 g - a potion of restore abilities
 l - 8 potions of blood {@*1}
 m - a potion of flight
Books
 b - a book of Callings

   Spells                             Type                      Level
   a - Summon Small Mammal            Summoning                    1
   b - Call Imp                       Summoning                    2
   c - Call Canine Familiar           Summoning                    3
   d - Summon Guardian Golem          Hexes/Summoning              4
   e - Summon Lightning Spire         Summoning/Air                4
   f - Summon Ice Beast               Ice/Summoning                4


   Skills:
 * Level 3.8 Fighting
 - Level 2.1 Dodging
 - Level 3.0 Stealth
 - Level 2.0 Spellcasting
 - Level 4.0 Summonings


You had one spell level left.
You knew the following spells:

 Your Spells              Type           Power        Failure   Level  Hunger
d - Call Canine Familiar  Summ           ###.....     12%         3    ###....
s - Call Imp              Summ           ###.....     6%          2    ###....
z - Summon Small Mammal   Summ           ###.         3%          1    #......


Dungeon Overview and Level Annotations

Branches:
Dungeon (3/15)

Altars:

Annotations:
D:3 Chiseanne's ghost, average HOWn


Innate Abilities, Weirdness & Mutations

You can bottle blood from corpses.
You have razor-sharp teeth.
You have supernaturally acute eyesight.
You can survive without breathing.


Message History

You swap places.
Your hound bites the orc priest but does no damage.
The orc priest misses your hound.
Your hound barely misses the orc priest.
The orc priest completely misses your hound.
Your hound bites the orc priest.
Your hound bites the orc priest but does no damage.
The orc priest calls down the wrath of Beogh upon you.
Your hound barely resists.
Your hound closely misses the orc priest.
The orc priest looks braver.
Your hound bites the orc priest but does no damage.
The orc priest invokes the aid of Beogh against you.
Something smites you!
* * * LOW HITPOINT WARNING * * *
Drink which item? (? for menu, Esc to quit)
You feel better.
Your hound bites the orc priest.
The orc priest mumbles some strange prayers to Beogh against you.
Something smites you!
You die...

#.# #.# ##. #.#
#.# #. #.#
#.####### #.
#.########.#.....#
##
#.......##.#.....#
#.........><.....#
♣
##......####.....#
♣.♣ #......#
#.....# ♣.
#......# #.@...#
♣♣ #......#
#.....# #......#
#.55..# #......#
##h#### #......#
#o# ######## #o#
##'######.
#.....o.o..
..<..............


You could see 2 orc priests, a friendly hound and 2 friendly crimson imps.

Vanquished Creatures
  3 adders (D:2)
  4 giant geckos
  An ooze (D:1)
  An orc (D:3)
  11 bats
  A giant cockroach (D:1)
  3 goblins
  8 hobgoblins
  3 jackals (D:1)
  5 kobolds
  2 ball pythons
  6 giant newts
  3 quokkas
  5 rats
  A fungus (D:1)
57 creatures vanquished.

Vanquished Creatures (collateral kills)
  An adder (D:2)
  A worm (D:2)
  An orc (D:3)
  A bat (D:1)
  2 kobolds
  A rat (D:1)
7 creatures vanquished.

Vanquished Creatures (others)
  A rat (D:1)
  2 fungi (D:1)
3 creatures vanquished.

Grand Total: 67 creatures vanquished

Notes
Turn   | Place    | Note
--------------------------------------------------------------
     0 | D:1      | PolkaDot, the Vampire Summoner, began the quest for the Orb.
     0 | D:1      | Reached XP level 1. HP: 13/13 MP: 3/3
   176 | D:1      | Reached skill level 1 in Fighting
   484 | D:1      | Reached XP level 2. HP: 21/21 MP: 4/4
   488 | D:1      | Learned a level 2 spell: Call Imp
  1256 | D:1      | Reached XP level 3. HP: 26/28 MP: 6/6
  1358 | D:1      | Learned a level 3 spell: Call Canine Familiar
  2138 | D:2      | Reached XP level 4. HP: 25/35 MP: 0/7
  2744 | D:3      | Noticed Chiseanne's ghost (average HOWn)
  3210 | D:3      | Killed from afar by an orc priest

Action                   |  1- 3 |  4- 6 || total
-------------------------+-------+-------++-------
Melee: Unarmed           |    77 |       ||    77
       Short sword       |    93 |    52 ||   145
 Cast: Summon Small Mamm |     6 |       ||     6
       Call Imp          |    11 |     8 ||    19
       Call Canine Famil |       |     1 ||     1
  Use: Potion            |     1 |     1 ||     2
       Scroll            |       |     4 ||     4
 Stab: Sleeping          |     8 |     2 ||    10
       Distracted        |     2 |       ||     2
  Eat: Corpse            |    11 |       ||    11
